AoeStats
← Lukan

Arabia

503754815Analyzed
1v1 RM · 3mo ago on Sep 2, 2026· 33m 51s· 2 players
Game mode
Random Map
Map size
Tiny (2 player)
Population
200
Speed
Normal
Resources
Standard
Victory
Conquest
Starting age
Dark Age
Ending age
Imperial Age
RankedLock teamsTeams togetherTeam positionsShared explorationLock speedFull tech treeHidden civsTurbo modeCheats
Victory
Defeat
🇨🇳 Britons · China
1281
+14
vs
🇵🇪 Chinese · Peru
1240
-14
Lukan
0:32 Loom
9:29 Feudal Age
9:54 Double-Bit Axe
13:59 Town Watch
18:29 Fletching
20:42 Castle Age
21:09 Padded Archer Armor
20:52 Horse Collar
22:06 Wheelbarrow
22:29 Elite Skirmisher
Aiden
6:00 Loom
8:53 Feudal Age
9:27 Double-Bit Axe
11:03 Wheelbarrow
10:00 Man-at-Arms
14:52 Horse Collar
20:06 Castle Age
19:25 Fletching
19:58 Padded Archer Armor
20:11 Crossbowman
20:47 Bodkin Arrow
22:41 Bow Saw
26:09 Wheelbarrow
25:20 Town Watch
26:30 Gold Mining
26:30 Stone Mining
28:28 Hand Cart
33:47 Imperial Age
32:44 Ballistics
32:43 Leather Archer Armor
33:58 Gold Shaft Mining
33:27 Heavy Plow
33:50 Arbalester
Connection lost

Rejoining the realm…

Still unreachable

The connection could not be restored.

Session expired

The server has moved on; the page needs a fresh start.